 Dungeon Crawl Stone Soup version 0.30.1-10-g1249ef9ec4 (webtiles) character file.

Game seed: 5055378684295127401

4452 Woods the Destroyer (level 10, -1/66 HPs)
             Began as an Octopode Conjurer on Oct 26, 2023.
             Was an Initiate of Ashenzari.
             Killed from afar by a steam dragon (15 damage)
             ... with a ball of steam
             ... on level 8 of the Dungeon.
             The game lasted 00:44:20 (12081 turns).

Woods the Destroyer (Octopode Conjurer)            Turns: 12081, Time: 00:44:20

Health: -1/66      AC:  1    Str:  8    XL:     10   Next: 37%
Magic:  7/22       EV: 24    Int: 24    God:    Ashenzari [......]
Gold:   293        SH:  0    Dex: 10    Spells: 16/26 levels left

rFire   . . .        (no weapon)
rCold   . . .        (no shield)
rNeg    . . .        (helmet restricted)
rPois   .            (no amulet)
rElec   .            r - +5 ring of evasion
rCorr   .            w - +5 ring of evasion
SInv    .            (no ring)
Will    .....        (no ring)
Stlth   ++++         (no ring)
HPRegen 0.31/turn    (no ring)
MPRegen 0.18/turn    (no ring)
                     (no ring)

%: no passive effects
@: no status effects
A: almost no armour, amphibious, 8 rings, camouflage 1, gelatinous body 1,
(nimble swimmer 1), tentacles
a: Renounce Religion, Curse Item


You were on level 8 of the Dungeon.
You worshipped Ashenzari.
Ashenzari was noncommittal.
You visited 2 branches of the dungeon, and saw 9 of its levels.
You also visited: Sewer and Ossuary.

You collected 293 gold pieces.

Inventory:

Jewellery
 r - a +5 ring of evasion (left tentacle)
 w - a +5 ring of evasion (right tentacle)
Wands
 h - a wand of paralysis (8)
 o - a wand of flame (17)
 A - a wand of iceblast (7)
Scrolls
 b - 11 scrolls of teleportation
 d - a scroll of magic mapping {unknown}
 f - a scroll of brand weapon {unknown}
 i - 2 scrolls of acquirement {unknown}
 k - a scroll of summoning
 q - a scroll of fog {unknown}
 t - 2 scrolls of enchant weapon
 u - a scroll of fear
 x - 2 scrolls of immolation
 y - a scroll of torment {unknown}
 B - a scroll of poison {unknown}
 D - a scroll of noise {unknown}
 E - a scroll of identify
 F - a scroll of enchant armour {unknown}
Potions
 a - 3 potions of magic
 c - a potion of berserk rage {unknown}
 e - 3 potions of attraction {unknown}
 g - 2 potions of curing
 j - 5 potions of lignification {unknown}
 l - 5 potions of mutation
 m - a potion of haste {unknown}
 n - a potion of resistance {unknown}
 p - 3 potions of flight {unknown}
 s - 2 potions of brilliance {unknown}
 v - 2 potions of ambrosia {unknown}
 z - 2 potions of might
 C - a potion of heal wounds {unknown}


   Skills:
 - Level 5.0 Fighting
 - Level 5.0 Dodging
 - Level 7.0 Stealth
 + Level 8.7 Spellcasting
 + Level 9.2 Conjurations


You had 16 spell levels left.
You knew the following spells:

 Your Spells              Type           Power      Damage    Failure   Level
a - Magic Dart            Conj           100%       1d8       1%          1
b - Searing Ray           Conj           100%       2d8       1%          2
c - Dazzling Flash        Conj/Hex       64%        N/A       2%          3
d - Fulminant Prism       Conj/Hex       16%        3d10      9%          4

Your spell library contained the following spells:

 Spells                   Type           Power      Damage    Failure   Level
 Ensorcelled Hibernation  Hex/Ice        20%        N/A       9%          2
 Iskenderun's Mystic Bla  Conj/Tloc      32%        2d8       9%          4
 Frozen Ramparts          Ice            20%        1d4       19%         3
 Spider Form              Tmut/Pois      10%        N/A       19%         3
 Anguish                  Hex/Necr       5%         N/A       52%         4
 Ice Form                 Ice/Tmut       10%        N/A       52%         4
 Summon Ice Beast         Ice/Summ       10%        N/A       52%         4


Dungeon Overview and Level Annotations

Branches:
Dungeon (8/15)             Temple (1/1) D:6           Sewer (visited)
Ossuary (visited)
   Lair: D:8-11

Altars:
Ashenzari
Cheibriados
Elyvilon
Fedhas
Gozag
Kikubaaqudgha
Makhleb
Nemelex Xobeh
Okawaru
Qazlal
Ru
Trog
Uskayaw
Wu Jian

Shops:
D:3 [   D:5 *

Annotations:
D:2 Sigmund, Terence
D:3 Grinder
D:5 exclusion: centaur
D:7 Maggie
D:8 Joseph


Innate Abilities, Weirdness & Mutations

You cannot wear most types of armour.
You are amphibious.
You can wear up to eight rings at the same time.
Your skin changes colour to match your surroundings (Stealth+).
Your rubbery body absorbs attacks. (AC +1, EV +1)
((You are camouflaged when in or above water. (Stealth+)))
You have tentacles for arms and can constrict up to eight enemies at once.


Message History

The searing ray hits the bullfrog!
The bullfrog is severely wounded. (Press . to maintain the ray.) Unknown command.
The searing ray hits the bullfrog.
The bullfrog is almost dead.
A steam dragon comes into view.
The bullfrog hits you.
The searing ray hits the bullfrog!
You kill the bullfrog!
The steam dragon hisses angrily.
Casting: Searing Ray (safe; 1% risk of failure)
Confirm with . or Enter, or press ? or * to list all spells.
Restarting spell: Searing Ray (safe; 1% risk of failure)
Press: ? - help, Shift-Dir - straight line, f - steam dragon
Aim: a steam dragon (83% to hit)
The searing ray hits the steam dragon!
The steam dragon is moderately wounded. (Press . to maintain the ray.)
The steam dragon breathes steam at you. The ball of steam hits you!
The searing ray hits the steam dragon.
The steam dragon is moderately wounded.
You are engulfed in a cloud of scalding steam.
The steam dragon barely misses you. The steam dragon closely misses you.
The searing ray hits the steam dragon!
The steam dragon is severely wounded.
You are engulfed in a cloud of scalding steam.
The steam dragon breathes steam at you. The ball of steam misses you.
The searing ray hits the steam dragon!
The steam dragon is almost dead.
You finish channelling your searing ray.
You are engulfed in a cloud of scalding steam.
The steam dragon bites you. The steam dragon misses you.
You are engulfed in a cloud of scalding steam.
* * * LOW HITPOINT WARNING * * *
The steam dragon breathes steam at you. The ball of steam hits you!
You die...

##.#'###..........## ##.....)....
#..##..###.........###...........
...##)#..###.....#...............
#..##.###..###....##..##.........
#..##.#(###..####...).##.........
##.##.....###..†###...#.....##...
#.##.#)###).###..###.......###..
##.##.###..### #§## ###....#####.
##.##.#..### #@# ###....##..
##.##..### #D# ####.##.. ...#####
#.. #..... #..# #.#. #..... #..#
#.#.. #.##.. #..# #.# $# #.###.
#..# #.. ## #.# #. #..# +## #.#
#. ##.# #.# #.


You could see a steam dragon (catching breath).

Vanquished Creatures
  A two-headed ogre (D:8)
  Pikel (D:7)
  A shadow (D:8)
  A wyvern (D:8)
  Menkaure (D:6)
  A water moccasin (D:8)
  2 ice beasts (D:7)
  5 black bears
  2 sky beasts
  2 ogres (D:5)
  A lemure (D:7)
  A centaur (D:4)
  A phantom (D:6)
  4 kobold brigands
  Blork the orc (D:6)
  4 bullfrogs (D:8)
  A scorpion (D:4)
  4 wights (D:7)
  A howler monkey (D:4)
  3 hounds
  An orc priest (D:6)
  A gnoll bouda (D:4)
  5 jellies
  Jessica (D:2)
  An orc wizard (D:6)
  A sleepcap (D:7)
  12 mummies (Ossuary)
  9 adders
  5 gnolls
  2 river rats (Sewer)
  3 white imps
  4 ufetubi
  2 worms
  21 orcs
  6 bats
  18 endoplasms
  4 giant cockroaches
  7 goblins
  9 hobgoblins
  4 jackals (D:1)
  4 quokkas
  14 ball pythons
  7 frilled lizards
  A gnoll skeleton (Ossuary)
  4 goblin skeletons (Ossuary)
  15 kobolds
  A kobold skeleton (Ossuary)
  2 orc skeletons (Ossuary)
  18 rats
  11 rat skeletons (Ossuary)
231 creatures vanquished.

Vanquished Creatures (others)
  A fulminant prism (D:6)
1 creature vanquished.

Grand Total: 232 creatures vanquished

Notes
Turn   | Place    | Note
-------+----------+-------------------------------------------
     0 | D:1      | Woods the Octopode Conjurer began the quest for the Orb.
     0 | D:1      | Reached XP level 1. HP: 11/11 MP: 3/3
   263 | D:1      | Reached XP level 2. HP: 17/17 MP: 1/5
   625 | D:1      | Reached XP level 3. HP: 12/21 MP: 1/6
   918 | D:1      | Learned a level 2 spell: Searing Ray
   922 | D:1      | Learned a level 3 spell: Dazzling Flash
  1410 | D:2      | Noticed Sigmund
  1710 | D:2      | Reached XP level 4. HP: 27/27 MP: 4/7
  1923 | D:2      | Noticed Jessica
  1928 | D:2      | Killed Jessica
  2306 | D:2      | Noticed Terence
  2796 | D:3      | Reached XP level 5. HP: 31/31 MP: 4/9
  2799 | D:3      | Reached skill level 5 in Stealth
  2817 | D:3      | Found a burning altar of Makhleb.
  2972 | D:3      | Found a glowing drain.
  3009 | Sewer    | Entered a sewer
  3619 | Sewer    | Reached XP level 6. HP: 36/36 MP: 1/10
  3879 | Sewer    | Found a viscous altar of Jiyva.
  4332 | D:3      | Found Xawnus's Antique Armour Boutique.
  4351 | D:3      | Noticed Grinder
  4568 | D:3      | Learned a level 4 spell: Fulminant Prism
  4833 | D:4      | Found a hide-covered altar of Uskayaw.
  5043 | D:4      | Noticed a water moccasin
  5137 | D:4      | Reached skill level 5 in Conjurations
  5313 | D:4      | Reached XP level 7. HP: 17/41 MP: 7/12
  5773 | D:5      | Entered Level 5 of the Dungeon
  5773 | D:5      | Found a stormy altar of Qazlal.
  5974 | D:5      | Found a transporter.
  6129 | D:5      | Found a snail-covered altar of Cheibriados.
  6174 | D:5      | Found a transporter.
  6179 | D:5      | Found Ryad's General Store.
  6667 | D:5      | Reached XP level 8. HP: 46/46 MP: 8/14
  6671 | D:5      | Found a blossoming altar of Fedhas.
  7113 | D:5      | Reached skill level 5 in Dodging
  7113 | D:5      | Reached skill level 6 in Conjurations
  7346 | D:6      | Reached skill level 5 in Spellcasting
  7498 | D:6      | Noticed Menkaure
  7504 | D:6      | Killed Menkaure
  7565 | D:6      | Found a staircase to the Ecumenical Temple.
  7574 | Temple   | Entered the Ecumenical Temple
  7640 | Temple   | Became a worshipper of Ashenzari the Shackled
  8020 | D:6      | Reached skill level 1 in Fighting
  8294 | D:6      | Noticed Blork the orc
  8302 | D:6      | Killed Blork the orc
  8754 | D:6      | Reached XP level 9. HP: 59/59 MP: 11/18
  9113 | D:7      | Noticed Pikel
  9132 | D:7      | Reached skill level 5 in Fighting
  9212 | D:7      | Killed Pikel
  9377 | D:7      | Found a sand-covered staircase.
  9383 | Ossuary  | Entered an ossuary
  9853 | Ossuary  | Reached skill level 7 in Conjurations
 10338 | D:7      | Noticed Maggie
 10435 | D:7      | Found a bloodstained altar of Trog.
 10850 | D:6      | Reached skill level 8 in Conjurations
 10987 | D:8      | Noticed Joseph
 11095 | D:8      | Noticed a two-headed ogre
 11149 | D:8      | Killed a two-headed ogre
 11150 | D:8      | Reached XP level 10. HP: 49/66 MP: 8/22
 11534 | D:8      | Found a white marble altar of Elyvilon.
 11668 | D:8      | Found an ornate altar of the Wu Jian Council.
 11682 | D:8      | Reached skill level 9 in Conjurations
 12081 | D:8      | Killed from afar by a steam dragon

Illustrated notes

Levels and vault maps discovered:
D:1:      matt_arrival_grand_opening, layout_loops_cross, minmay_statues_item
D:2:      layout_loops_ring, uniq_jessica, uniq_sigmund, uniq_terence
D:3:      layout_loops_corners, mainiacjoe_overflow_alcove_2,
          portal_sewer_entry_a, serial_shops, shop, uniq_grinder
D:4:      layout_loops_ring, nicolae_uskayaw_suspiria
D:5:      layout_gridville, mainiacjoe_overflow_alcove_4,
          mainiacjoe_overflow_brackets, nicolae_qazlal_beasts_of_the_sky,
          serial_shops, nicolae_shop_drivethru
D:6:      layout_rooms, minmay_temple_entry_mini_moons, uniq_menkaure,
          uniq_blork_the_orc
D:7:      layout_basic, trog_ov_bears_minmay, nicolae_ossuary_entry_plus,
          uniq_maggie, uniq_pikel
D:8:      minmay_the_grid_triangle_9x9_rhombus_full
          [minmay_the_grid_triangle_9x9_dagger,
          minmay_the_grid_triangle_9x9_longest,
          minmay_the_grid_triangle_9x9_windchime,
          minmay_the_grid_triangle_9x9_empty,
          minmay_the_grid_triangle_9x9_odd_lines,
          minmay_the_grid_triangle_9x9_intruding_spiral,
          minmay_the_grid_triangle_9x9_steps,
          minmay_the_grid_triangle_9x9_prize_schism], layout_layer_cave,
          elyvilon_altar_3, nicolae_wu_jian_wuxing_cycle, uniq_joseph
Temple:   hellmonk_temple_flake

Skill      XL: |  1  2  3  4  5  6  7  8  9 10 |
---------------+-------------------------------+-----
Stealth        | 3 4 6 7 |  7.0
Dodging        | 3 4 5 |  5.0
Spellcasting   | 3 4 6 8 |  8.7
Conjurations   | 5 6 8 9 |  9.2
Fighting       | 4 5 |  5.0

Action                     |  1- 3 |  4- 6 |  7- 9 | 10-12 || total
---------------------------+-------+-------+-------+-------++-------
  Melee: Unarmed           |    37 |    29 |    11 |       ||    77
         Constrict         |    12 |     5 |     3 |       ||    20
         Tentacles         |    12 |     6 |     1 |       ||    19
   Cast: Magic Dart        |    46 |    92 |   108 |    17 ||   263
         Searing Ray       |     7 |    32 |    89 |    14 ||   142
         Dazzling Flash    |       |       |     3 |       ||     3
         Fulminant Prism   |       |       |     1 |       ||     1
    Use: Scroll            |       |     2 |     8 |       ||    10
         Potion            |       |       |     1 |       ||     1
 Armour: Skin              |     1 |     4 |     5 |       ||    10
  Dodge: Dodged            |    34 |    29 |   133 |    27 ||   223
